 Dungeon Crawl Stone Soup version 0.30-a0-924-g0ad0bf95bc (webtiles) character file.

Game seed: 10060264902355401665

136 Sobieck the Ruffian (level 4, -6/45 HPs)
             Began as a Troll Monk on Mar 22, 2023.
             Mangled by a gnoll
             ... wielding a +0 halberd
              (13 damage)
             ... on level 2 of the Dungeon.
             The game lasted 00:04:02 (1084 turns).

Sobieck the Ruffian (Troll Monk)                    Turns: 1084, Time: 00:04:02

Health: -6/45      AC:  4    Str: 21    XL:     4   Next: 98%
Magic:  3/3        EV: 10    Int:  6    God:
Gold:   117        SH:  0    Dex: 12    Spells: 3/3 levels left

rFire   . . .      SeeInvis .      - Unarmed
rCold   . . .      Faith    .    (no shield)
rNeg    . . .      Spirit   .    a - +0 robe
rPois   .          Reflect  .    (helmet restricted)
rElec   .          Rampage  .    (no cloak)
rCorr   .                        (gloves unavailable)
Will    .....                    (boots unavailable)
Stlth   ++                       (no amulet)
HPRegen 1.07/turn                (no ring)
MPRegen 0.08/turn                (no ring)

@: no status effects
A: large, unfitting armour, claws 3, regeneration 1, shaggy fur 1, tough skin 1
a: no special abilities


You were on level 2 of the Dungeon.
You visited 1 branch of the dungeon, and saw 4 of its levels.

You collected 117 gold pieces.


Innate Abilities, Weirdness & Mutations

You are too large for most types of armour.
You have claws for hands.
Your natural rate of healing is unusually fast.
You are covered in fur. (AC +1)
You have tough skin. (AC +1)


   Skills:
 + Level 3.1 Fighting
 + Level 3.1 Dodging
 - Level 1.0 Stealth
 * Level 4.5 Unarmed Combat


You had 3 spell levels left.
You didn't know any spells.
Your spell library contained the following spells:

 Spells                   Type           Power      Damage    Failure   Level
 Shock                    Conj/Air       0%         1d3       45%         1
 Lesser Beckoning         Tloc           0%         N/A       58%         2
 Gell's Gravitas          Tloc           0%         N/A       83%         3
 Swiftness                Air            0%         N/A       83%         3
 Teleport Other           Tloc           0%         N/A       83%         3
 Airstrike                Air            0%         2d(0-16)  99%         4

Inventory:

Missiles
 e - 5 poisoned darts (quivered) {throwing}
 f - 16 stones {throwing}
 g - 2 boomerangs of dispersal {=f!fthrowing}
Armour
 a - a +0 robe (worn)
 d - a +0 robe
   (You found it on level 1 of the Dungeon)
Scrolls
 c - a scroll of noise {unknown}
 i - 2 scrolls of teleportation {unknown}
 k - 5 scrolls of identify {unknown}
 n - a scroll of enchant armour {unknown}
 o - 2 scrolls of enchant weapon {unknown}
Potions
 b - 2 potions of ambrosia
 h - a potion of haste {unknown}
 j - a potion of might {unknown}
 l - a potion of flight {unknown}
 m - a potion of brilliance {unknown}
 p - a potion of curing {unknown}
 q - 3 potions of lignification {unknown}

Dungeon Overview and Level Annotations

Branches:
Dungeon (4/15) Zot: 22915
 Temple: D:4-7

Altars:

Annotations:
D:4 2 runed translucent doors

##.....###
#.#####.###.#......###
#........#
##.###.#.#####.#.
#........... #........#
##.. #$.......##...
##....#.### #...
##.....### ####.......#
#... ##.....#
#......÷.#### ##..
#.#.##..# #...........#
♣...
........#######........###
♣♣..
#)#.##.........g@...<..#
♣♣. # ##.#.......l)...###
#.###.#######.####.#
#...>.# #.# #... #..###.#
#.# ##### #. #.# #.# #.#
#.# ##.# #.# #..#######


You could see a gnoll and a frilled lizard.


Message History

Unknown command.
The gnoll attacks as you move away! The gnoll barely misses you.
A gnoll comes into view. It is wielding a +0 spear.
The gnoll shouts!
The gnoll attacks as you move away! The gnoll barely misses you.
The gnoll closely misses you. The gnoll attacks as you move away!
The gnoll closely misses you. The gnoll attacks as you move away!
The gnoll hits you but does no damage.
There is an escape hatch in the ceiling here.
The gnoll misses you.
The gnoll hits you from afar with a +0 halberd!
* * * LOW HITPOINT WARNING * * *
A mysterious force pulls you upwards. The hatch slams shut behind you.
Unknown command.
Unknown command.
You claw the gnoll!
You kill the gnoll!
You see here a +0 club {mace}.
You start resting.
(D) Dungeon
Where to? (Enter - D:2, ? - help)
There is a stone staircase leading down here.
You climb downwards.
There is a stone staircase leading up here.
Unknown command.
Unknown command.
You pick up a book of Air and begin reading...
You add the spells Shock, Swiftness and Airstrike to your library.
Unknown command.
Found an escape hatch in the floor.
Unknown command.
Found a stone staircase leading up.
Unknown command.
There is an escape hatch in the floor here.
There is a stone staircase leading up here.
Found a stone staircase leading down.
Unknown command.
There is a stone staircase leading down here.
A ball python comes into view.
Danger!
The ball python barely misses you.
You closely miss the ball python.
The ball python bites you but does no damage.
You scratch the ball python.
You kill the ball python!
No target in view!
You see here a ball python corpse.
Unknown command.
Unknown command.
Found a stone staircase leading down.
Unknown command.
f - 16 stones {throwing} (gained 7) Danger!
The gnoll shouts!
You hear a shout!
Unknown command.
A frilled lizard comes into view.
There is a stone staircase leading up here.
You climb upwards.
There is a stone staircase leading down here.
Unknown command.
You completely miss the gnoll. The gnoll barely misses you.
You barely miss the gnoll. The gnoll hits you with a +0 whip.
You scratch the gnoll. The gnoll completely misses you.
You claw the gnoll!
You kill the gnoll!
No target in view!
You climb downwards.
There is a stone staircase leading up here.
Danger!
The gnoll hits you from afar with a +0 spear.
The gnoll hits you from afar with a +0 halberd!
You scratch the gnoll. You scratch the gnoll but do no damage.
The gnoll hits you with a +0 spear. The gnoll barely misses you.
You are too injured to fight recklessly!
You are too injured to fight recklessly!
You are too injured to fight recklessly!
You claw the gnoll!
You kill the gnoll!
The gnoll closely misses you. The gnoll barely misses you.
Things that are here:
a +0 spear {polearm}; a gnoll corpse Unknown command.
The gnoll hits you with a +0 halberd!
You scratch the gnoll. The gnoll hits you with a +0 halberd!
* * * LOW HITPOINT WARNING * * *
You barely miss the gnoll.
The frilled lizard hisses angrily.
The gnoll closely misses you.
Unknown command.
You scratch the gnoll. The gnoll barely misses you.
You barely miss the gnoll. The gnoll hits you with a +0 halberd.
* * * LOW HITPOINT WARNING * * *
You closely miss the gnoll. The gnoll hits you with a +0 halberd!
* * * LOW HITPOINT WARNING * * *
You scratch the gnoll but do no damage.
The frilled lizard unfolds its giant frill.
The gnoll hits you with a +0 halberd!
You die...

Skill      XL: |  1  2  3  4 |
---------------+-------------+-----
Unarmed Combat | 4 |  4.5
Fighting       | 3 |  3.1
Dodging        | 3 |  3.1
Stealth        | |  1.0

Action                     |  1- 3 |  4- 6 || total
---------------------------+-------+-------++-------
  Melee: Unarmed           |    69 |    30 ||    99
         Punch             |     3 |       ||     3
   Stab: Sleeping          |     2 |     1 ||     3
 Armour: Robe              |    19 |     7 ||    26
  Dodge: Dodged            |    36 |    22 ||    58

Levels and vault maps discovered:
D:1:      lightli_molten_gateway, layout_rooms,
          wander_ebering_terrifying_dragon_lair
D:2:      layout_loops_ring, basic_altar, uniq_sigmund, uniq_crazy_yiuf_cottage
D:3:      layout_basic, mainiacjoe_overflow_alcove_2,
          shapermc_ecumenical_altar_mp_ritualfount, minmay_cupped, uniq_jessica
D:4:      layout_basic, gammafunk_ghost_cemetery, portal_sewer_entry_f,
          minivault_26, uniq_ijyb, uniq_natasha

Notes
Turn   | Place    | Note
-------+----------+-------------------------------------------
     0 | D:1      | Sobieck the Troll Monk began the quest for the Orb.
     0 | D:1      | Reached XP level 1. HP: 22/22 MP: 0/0
    68 | D:1      | Reached XP level 2. HP: 29/29 MP: 1/1
   108 | D:1      | You pick up a book of Displacement and begin reading...
   108 | D:1      | You add the spells Lesser Beckoning, Gell's Gravitas and
                  | Teleport Other to your library.
   319 | D:1      | Reached XP level 3. HP: 36/36 MP: 2/2
   681 | D:2      | You fall into a shaft and drop 2 floors!
   683 | D:4      | Noticed Natasha
   687 | D:4      | Found a runed translucent gate.
   689 | D:4      | Killed Natasha
   690 | D:4      | Reached skill level 4 in Unarmed Combat
   690 | D:4      | Reached XP level 4. HP: 42/44 MP: 3/3
   690 | D:4      | Found a runed translucent gate.
   758 | D:4      | Noticed Natasha
   771 | D:4      | Killed Natasha
   772 | D:4      | Reached skill level 3 in Fighting
   772 | D:4      | Reached skill level 3 in Dodging
   806 | D:4      | Noticed a black bear
   980 | D:2      | You pick up a book of Air and begin reading...
   980 | D:2      | You add the spells Shock, Swiftness and Airstrike to your
                  | library.
  1083 | D:2      | HP: 6/45 [gnoll/+0 halberd (10)]
  1084 | D:2      | Mangled by a gnoll

Vanquished Creatures
  Natasha (twice) (D:4)
  3 gnolls
  2 adders (D:2)
  A dart slug (D:1)
  9 ball pythons
  2 bats
  2 endoplasms (D:1)
  5 giant cockroaches
  2 hobgoblins (D:1)
  2 jackals (D:1)
  2 quokkas (D:1)
  2 frilled lizards (D:1)
  A goblin (D:1)
  A kobold (D:1)
  4 rats
40 creatures vanquished.

Vanquished Creatures (others)
  2 fungi (D:3)
  9 plants (D:3)
11 creatures vanquished.

Grand Total: 51 creatures vanquished

Table legend:
 A = Non-vault XP
 B = Vault XP
 C = Vault XP percentage of total XP
 D = Non-vault monster count
 E = Vault monster count
 F = Vault count percentage of total count
                 A         B        C        D         E       F
            +---------+---------+-------+---------+---------+-------
      Total |     159 |      36 |  18.5 |      38 |       2 |   5.0
            +---------+---------+-------+---------+---------+-------
        D:1 |      74 |       1 |   1.3 |      27 |       1 |   3.6
        D:2 |      49 |       0 |   0.0 |       9 |       0 |   0.0
        D:4 |      36 |      35 |  49.3 |       2 |       1 |  33.3
            +---------+---------+-------+---------+---------+-------

Illustrated notes

Table legend:
 A = Kills in this place as a percentage of kills in the entire game.
 B = Kills by you in this place as a percentage of kills by you in the entire game.
 C = Kills by friends in this place as a percentage of kills by friends in the entire game.
 D = Other kills in this place as a percentage of other kills in the entire game.
 E = Experience gained in this place as a percentage of experience gained in the entire game.
 F = Experience gained in this place divided by the number of levels of this place that you have seen.
                   A       B       C       D       E      F
               +-------+-------+-------+-------+-------+----------------------
         Total | 100.0 | 100.0 |   N/A |   N/A | 100.0 |  48.8
       Dungeon | 100.0 | 100.0 |   N/A |   N/A | 100.0 |  48.8
               +-------+-------+-------+-------+-------+----------------------

Table legend: (Time is in decaauts)
 A = Elapsed time spent in this place.
 B = Non-inter-level travel time spent in this place.
 C = Inter-level travel time spent in this place.
 D = Time resting spent in this place.
 E = Time spent auto-exploring this place.
 F = Levels seen in this place.
 G = Mean time per level.
                   A        B        C        D        E       F      G
               +--------+--------+--------+--------+--------+-----+--------+
         Total |   1083 |   1050 |     33 |     44 |    713 |   4 |  270.8 |
       Dungeon |   1083 |   1050 |     33 |     44 |    713 |   4 |  270.8 |
               +--------+--------+--------+--------+--------+-----+--------+

Top non-repeatable levels by time:
     D:1: 571 daAuts
     D:2: 337 daAuts
     D:4: 136 daAuts
     D:3: 38 daAuts
